 Dungeon Crawl Stone Soup version 0.23.0-3-gf3c87f2 (webtiles) character file.

Game seed: 18060914695223913739

126 misha the Poker (level 5, -6/39 HPs)
             Began as a Merfolk Gladiator on Feb 23, 2019.
             Mangled by an orc warrior
             ... wielding a +0 hand axe
              (9 damage)
             ... on level 2 of the Dungeon.
             The game lasted 00:04:55 (2025 turns).

misha the Poker (Merfolk Gladiator)                 Turns: 2025, Time: 00:04:56

Health: -6/39      AC:  4    Str: 16    XL:     5   Next: 10%
Magic:  5/5        EV: 14    Int:  7    God:
Gold:   91         SH:  0    Dex: 15    Spells: 4/4 levels left

rFire    . . .     SeeInvis .   a - +0 trident
rCold    . . .     Gourm    .   (no shield)
rNeg     . . .     Faith    .   b - +0 leather armour
rPois    .         Spirit   .   c - +0 helmet
rElec    .         Reflect  .   (no cloak)
rCorr    .         Harm     .   (no gloves)
MR       .....                  (no boots)
Stlth    +.........             (no amulet)
HPRegen  0.13/turn              (no ring)
MPRegen  0.09/turn              (no ring)

@: no status effects
A: change form in water, swift swim, stealthy swim
a: no special abilities


You were on level 2 of the Dungeon.
You were hungry.

You visited 1 branch of the dungeon, and saw 2 of its levels.

You collected 91 gold pieces.

Inventory:

Hand Weapons
 a - a +0 trident (weapon)
 l - a +0 hand axe
Missiles
 d - 3 throwing nets (quivered)
 e - 3 needles of sleeping
 k - 22 arrows
Armour
 b - a +0 leather armour (worn)
 c - a +0 helmet (worn)
 p - a +0 robe
Jewellery
 j - a +2 ring of dexterity {unknown}
 o - an uncursed amulet of regeneration {unknown}
Scrolls
 h - 3 scrolls of amnesia {unknown}
 i - 2 scrolls of teleportation {unknown}
 q - a scroll of identify {unknown}
 r - 3 scrolls of enchant weapon {unknown}
Potions
 g - a potion of mutation {unknown}
 m - a potion of curing {unknown}
 n - a potion of berserk rage {unknown}
Comestibles
 f - 4 rations


   Skills:
 - Level 2.3 Fighting
 + Level 6.1 Polearms
 + Level 3.5 Throwing
 - Level 0.2 Armour
 - Level 4.6 Dodging


You had 4 spell levels left.
You didn't know any spells.
Your spell library was empty.

Dungeon Overview and Level Annotations

Branches:
Dungeon (2/15)

Altars:
Okawaru
Sif Muna


Message History

An orc warrior is nearby!
An orc wizard comes into view. It is wielding a +0 dagger.
You barely miss the orc warrior.
The orc warrior hits you with a +0 hand axe!
You closely miss the orc warrior.
The orc warrior hits you with a +0 hand axe!
A quokka comes into view.
The orc warrior barely misses you.
The orc wizard casts a spell.
The orc wizard seems to speed up.
The orc warrior hits you with a +0 hand axe!
* * * LOW HITPOINT WARNING * * *
The orc wizard casts a spell at you. The puff of frost hits you.
* * * LOW HITPOINT WARNING * * *
The orc wizard mumbles some strange words.
The orc wizard flickers and vanishes!
Deactivating autopickup; reactivate with Ctrl-A.
The orc warrior hits you with a +0 hand axe!
You die...

#.
#####.##.....###
####.##.###...#
.........(....#
##..####.####.#
##### #..##.....##
....# #.#....?..#
###.#
#.#.......#.# #.#
##.o.r._..?..# #
#.# #.@#.......#..
# #.#
#).#.......#..# #
#.#
.........##.....##
.# ###.#
#.##...#.####.###
....# .....#.. ...
##### ###...####
#### # ##.# # #. #
#.


You could see an orc warrior and a quokka.

Vanquished Creatures
  An orc wizard (D:2)
  Jessica (D:2)
  An adder (D:2)
  2 oozes
  2 dart slugs
  A leopard gecko (D:1)
  3 ball pythons
  6 bats
  2 giant cockroaches (D:1)
  4 goblins
  7 hobgoblins
  6 jackals (D:1)
  4 kobolds (D:1)
  2 frilled lizards (D:2)
  8 rats
50 creatures vanquished.

Notes
Turn   | Place    | Note
-------+----------+-------------------------------------------
     0 | D:1      | misha the Merfolk Gladiator began the quest for the Orb.
     0 | D:1      | Reached XP level 1. HP: 16/16 MP: 1/1
   122 | D:1      | Reached XP level 2. HP: 22/22 MP: 2/2
   414 | D:1      | Reached XP level 3. HP: 28/28 MP: 3/3
   654 | D:1      | Reached skill level 5 in Polearms
  1111 | D:2      | Reached XP level 4. HP: 24/34 MP: 4/4
  1517 | D:2      | Found a deep blue altar of Sif Muna.
  1718 | D:2      | Noticed Jessica
  1730 | D:2      | Killed Jessica
  1907 | D:2      | Found an iron altar of Okawaru.
  1932 | D:2      | Reached skill level 6 in Polearms
  1932 | D:2      | Reached XP level 5. HP: 31/39 MP: 5/5
  2013 | D:2      | Noticed an orc warrior
  2025 | D:2      | Mangled by an orc warrior

Skill      XL: |  1  2  3  4 |
---------------+-------------+-----
Polearms       | 5 6 |  6.1
Throwing       | 3 |  3.5
Fighting       | |  2.3
Armour         | |  0.2
Dodging        | |  4.6

Action                   |  1- 3 |  4- 6 || total
-------------------------+-------+-------++-------
Melee: Trident           |    90 |    50 ||   140
Throw: Throwing net      |       |     1 ||     1
 Stab: Sleeping          |     1 |       ||     1
  Eat: Chunk             |       |     3 ||     3
Armor: Leather armour    |    23 |    15 ||    38
Dodge: Dodged            |    65 |    24 ||    89
